cohdb
Replays
Latest Replays
All Replays
Popular Replays
Top Player Replays
Match Explorer
How It Works
Community
CoH3 Stats
Reddit
Sign in to upload your games and track your stats! →
Sign in with Steam
Match 43138084
Unlisted
Match 43138084
Overview
Messages
Build Orders
End
Kettenkrad Recon Vehicle
Construct Infanterie Kompanie
Grenadier Squad
GrW 34 Mortar Team
MG 42 Machine Gun Team
Construct Luftwaffe Kompanie
MG 42 Bunker
Support Elements
Selects Mechanized Battlegroup
Selects Mobile Repair Stations
Jäger Squad
Marder III M Tank Destroyer
Jäger Squad
Wirbelwind Flakpanzer
Selects Wespe Self-propelled Artillery
Kettenkrad Recon Vehicle
Wespe Self-propelled Artillery
Wirbelwind Flakpanzer
Selects Raid Package
Jäger Squad
Marder III M Tank Destroyer
Luftwaffe Officer Quarters
Selects 8 Rad Armored Car
Selects UNKNOWN (2160084)
Kettenkrad Recon Vehicle
Jäger Squad
Construct Panzer Kompanie
Selects Zeroing Artillery Barrage
Jäger Squad
魔鬼筋肉人
StormCastle
茧默
Jd577
Sevosaurus
David.The traveler
dEATHbYhUGGIEs
幻想r
0
0
Comments
sign in to comment!
No comments posted yet!